[ AOE2 MATCH · #482829005 ]
Team RMBengalis vs Burgundians
[ REPLAY ANALYSIS · EXTRACTED FROM THE RECORDED GAME ]
Feudal
14:31
Castle
22:56
Imperial
37:10
| APM avg | 16.7 |
| APM peak | 50 |
| eAPM avg | 8.0 |
| Villagers / military | 81 / 174 |
Focus
⚔️ 30.0% · 🌾 70.0%
Ratha (Ranged) ×95 · Battle Elephant ×78 · Trade Cart ×18 · Monk ×1
Feudal
18:40
Castle
28:29
Imperial
33:58
| APM avg | 10.0 |
| APM peak | 23 |
| eAPM avg | 7.8 |
| Villagers / military | 129 / 99 |
Focus
⚔️ 32.8% · 🌾 67.2%
Hussite Wagon ×71 · Bombard Cannon ×21 · Trade Cart ×20 · Militia ×6 · Trebuchet (Packed) ×1
Feudal
15:25
Castle
23:35
Imperial
39:09
| APM avg | 14.3 |
| APM peak | 48 |
| eAPM avg | 6.6 |
| Villagers / military | 69 / 65 |
Focus
⚔️ 15.4% · 🌾 84.6%
Knight ×29 · Spearman ×20 · Trade Cart ×6 · Archer ×5 · Monk ×4 · Trebuchet (Packed) ×4
Feudal
13:07
Castle
26:08
Imperial
37:34
| APM avg | 14.6 |
| APM peak | 55 |
| eAPM avg | 12.0 |
| Villagers / military | 72 / 234 |
Focus
⚔️ 48.8% · 🌾 51.2%
Huskarl ×117 · Spearman ×114 · Militia ×2 · Monk ×1
Feudal
—
Castle
—
Imperial
—
| APM avg | 11.7 |
| APM peak | 53 |
| eAPM avg | 9.0 |
| Villagers / military | 95 / 179 |
Focus
⚔️ 46.7% · 🌾 53.3%
Rattan Archer ×107 · Skirmisher ×48 · Battering Ram ×15 · Spearman ×6 · Trebuchet (Packed) ×3
Feudal
13:51
Castle
24:01
Imperial
41:00
| APM avg | 13.5 |
| APM peak | 31 |
| eAPM avg | 7.6 |
| Villagers / military | 67 / 179 |
Focus
⚔️ 21.6% · 🌾 78.4%
Hand Cannoneer ×169 · Bombard Cannon ×10 · Trade Cart ×3
Match map
Initial resources + every placement click. Lines = walls · curves = elevation contours. ◆ gold · ⬟ stone · ● berries · ✦ relic · ◌ wall gap
Your base· ✓ Closed at 22:56 · 0t walls · no gate
simplysuresh.bellam's base· Open — unwalled flank
cakabokin's base· Open — unwalled flank
DoN_888's base· Open — unwalled flank
SpryPenguin2814's base· Open — unwalled flank
folt9362015's base· Open — unwalled flank
Smoothed initial terrain · ◌ = detected wall gap · hover for details
Inputs per minute
— SheriffLoyd - - simplysuresh.bellam
Build order — SheriffLoyd
First 150 of 264 actions detected
| 0:07 | Build | House |
| 0:10 | Build | House |
| 0:12 | Create | Villager (Male) ×4 |
| 0:13 | Create | Villager (Male) ×4 |
| 2:26 | Create | Villager (Male) |
| 2:26 | Create | Villager (Male) |
| 2:36 | Research | Loom |
| 2:51 | Create | Villager (Male) |
| 3:17 | Build | Lumber Camp |
| 3:28 | Create | Villager (Male) |
| 3:28 | Create | Villager (Male) |
| 3:48 | Create | Villager (Male) |
| 3:49 | Create | Villager (Male) |
| 4:16 | Create | Villager (Male) |
| 4:17 | Create | Villager (Male) |
| 4:42 | Create | Villager (Male) |
| 4:43 | Create | Villager (Male) |
| 5:00 | Build | House |
| 5:31 | Build | House |
| 5:35 | Create | Villager (Male) |
| 5:35 | Create | Villager (Male) |
| 5:35 | Create | Villager (Male) |
| 5:47 | Build | House |
| 5:57 | Create | Villager (Male) |
| 5:58 | Create | Villager (Male) |
| 5:58 | Create | Villager (Male) |
| 6:58 | Create | Villager (Male) |
| 6:58 | Create | Villager (Male) |
| 6:58 | Create | Villager (Male) |
| 6:59 | Create | Villager (Male) |
| 7:25 | Build | House |
| 7:35 | Build | Mill |
| 8:02 | Create | Villager (Male) |
| 8:02 | Create | Villager (Male) |
| 8:02 | Create | Villager (Male) |
| 8:16 | Build | House |
| 8:27 | Build | Mining Camp |
| 8:59 | Build | House |
| 9:01 | Build | House |
| 9:03 | Build | House |
| 9:13 | Build | Farm |
| 9:15 | Build | Farm |
| 9:25 | Build | Farm |
| 10:16 | Create | Villager (Male) |
| 10:16 | Create | Villager (Male) |
| 10:48 | Build | Farm |
| 10:52 | Create | Villager (Male) |
| 11:12 | Build | Farm |
| 11:16 | Create | Villager (Male) |
| 11:37 | Build | Farm |
| 11:41 | Create | Villager (Male) |
| 12:00 | Build | Farm |
| 12:11 | Research | Feudal Age |
| 12:29 | Build | Barracks |
| 12:39 | Build | Mining Camp |
| 12:45 | Build | House |
| 13:08 | Build | Farm |
| 13:25 | Build | Farm |
| 13:31 | Build | Farm |
| 13:46 | Build | Farm |
| 13:54 | Build | Farm |
| 14:12 | Create | Villager (Male) |
| 14:12 | Create | Villager (Male) |
| 14:28 | Build | House |
| 14:31 | Age | Feudal Age |
| 14:42 | Build | Blacksmith |
| 14:55 | Research | Double-Bit Axe |
| 15:14 | Build | Lumber Camp |
| 15:18 | Create | Villager (Male) |
| 15:18 | Create | Villager (Male) |
| 16:05 | Build | Market |
| 16:13 | Build | House |
| 16:16 | Build | House |
| 16:31 | Research | Horse Collar |
| 16:36 | Create | Villager (Male) |
| 17:26 | Create | Villager (Male) |
| 17:26 | Create | Villager (Male) |
| 18:06 | Build | Stable |
| 18:49 | Build | Mining Camp |
| 19:08 | Build | Market |
| 19:26 | Create | Villager (Male) |
| 19:26 | Create | Villager (Male) |
| 19:26 | Create | Villager (Male) |
| 19:28 | Research | Castle Age |
| 20:05 | Build | Lumber Camp |
| 20:26 | Build | House |
| 20:28 | Build | House |
| 20:29 | Build | House |
| 20:32 | Build | House |
| 20:33 | Build | House |
| 20:35 | Build | House |
| 20:36 | Build | House |
| 20:38 | Build | House |
| 20:41 | Build | House |
| 20:43 | Build | House |
| 20:45 | Build | House |
| 21:26 | Build | Lumber Camp |
| 22:05 | Create | Trade Cart ×4 |
| 22:25 | Create | Trade Cart |
| 22:41 | Build | Stable |
| 22:56 | Age | Castle Age |
| 23:52 | Build | Town Center |
| 24:05 | Create | Villager (Male) |
| 24:06 | Create | Villager (Male) |
| 24:16 | Research | Gold Mining |
| 24:17 | Research | Stone Mining |
| 24:19 | Research | Heavy Plow |
| 24:30 | Research | Bow Saw |
| 25:34 | Research | Wheelbarrow |
| 25:35 | Create | Villager (Male) ×5 |
| 25:49 | Create | Villager (Male) |
| 25:50 | Create | Villager (Male) |
| 26:44 | Create | Villager (Male) |
| 26:44 | Create | Villager (Male) |
| 26:59 | Research | Gold Shaft Mining |
| 27:05 | Research | Caravan |
| 27:07 | Create | Trade Cart |
| 27:12 | Create | Trade Cart |
| 27:13 | Create | Trade Cart |
| 27:27 | Build | Farm |
| 27:28 | Build | Farm |
| 27:53 | Build | Stable |
| 28:16 | Build | Town Center |
| 28:48 | Create | Villager (Male) |
| 28:49 | Create | Villager (Male) |
| 28:49 | Create | Villager (Male) |
| 29:21 | Build | Farm |
| 29:32 | Build | Farm |
| 29:49 | Build | Farm |
| 30:05 | Build | Castle |
| 30:31 | Build | Mining Camp |
| 30:38 | Build | Monastery |
| 30:52 | Create | Villager (Male) ×5 |
| 31:01 | Build | Farm |
| 31:24 | Research | Bloodlines |
| 31:24 | Research | Husbandry |
| 31:31 | Research | Sanctity |
| 31:31 | Create | Monk |
| 32:14 | Create | Battle Elephant |
| 32:14 | Create | Battle Elephant |
| 32:15 | Create | Battle Elephant |
| 32:19 | Create | Battle Elephant |
| 32:33 | Research | Forging |
| 32:34 | Research | Scale Barding Armor |
| 32:35 | Research | Fletching |
| 32:36 | Research | Padded Archer Armor |
| 32:36 | Research | Scale Mail Armor |
| 32:50 | Build | Farm |
| 32:56 | Build | Farm |
| 33:05 | Build | Farm |
Build order — simplysuresh.bellam
First 150 of 350 actions detected
| 0:06 | Create | Villager (Male) |
| 0:06 | Create | Villager (Male) |
| 0:06 | Create | Villager (Male) |
| 0:06 | Create | Villager (Male) |
| 0:24 | Build | House |
| 0:29 | Build | House |
| 0:33 | Build | House |
| 1:59 | Create | Villager (Male) |
| 2:39 | Create | Villager (Male) |
| 2:58 | Create | Villager (Male) |
| 3:51 | Create | Villager (Male) |
| 3:51 | Create | Villager (Male) |
| 4:43 | Create | Villager (Male) |
| 4:43 | Create | Villager (Male) |
| 4:44 | Create | Villager (Male) |
| 5:00 | Build | Mill |
| 5:24 | Create | Villager (Male) |
| 5:39 | Create | Villager (Male) |
| 5:39 | Create | Villager (Male) |
| 6:05 | Create | Villager (Male) |
| 6:07 | Create | Villager (Male) |
| 6:34 | Create | Villager (Male) |
| 6:35 | Create | Villager (Male) |
| 6:42 | Build | House |
| 6:46 | Build | House |
| 6:50 | Build | House |
| 8:36 | Build | House |
| 8:39 | Build | House |
| 9:09 | Build | Lumber Camp |
| 9:22 | Create | Villager (Male) |
| 9:22 | Create | Villager (Male) |
| 9:22 | Create | Villager (Male) |
| 9:22 | Create | Villager (Male) |
| 9:23 | Create | Villager (Male) |
| 9:23 | Create | Villager (Male) |
| 9:23 | Create | Villager (Male) |
| 9:24 | Create | Villager (Male) |
| 11:09 | Create | Villager (Male) |
| 11:16 | Build | Farm |
| 12:30 | Build | Mining Camp |
| 12:47 | Build | Barracks |
| 13:29 | Create | Villager (Male) |
| 13:29 | Create | Villager (Male) |
| 13:35 | Create | Villager (Male) |
| 13:35 | Create | Villager (Male) |
| 13:44 | Build | Farm |
| 13:48 | Build | Farm |
| 13:54 | Build | Farm |
| 14:01 | Build | Farm |
| 14:07 | Build | Farm |
| 14:13 | Build | Farm |
| 14:19 | Build | Farm |
| 14:25 | Build | Farm |
| 14:30 | Build | Farm |
| 14:54 | Build | Farm |
| 15:03 | Create | Villager (Male) |
| 15:11 | Build | Farm |
| 15:18 | Build | Farm |
| 15:27 | Build | Farm |
| 15:32 | Build | Farm |
| 15:40 | Create | Villager (Male) |
| 15:40 | Create | Villager (Male) |
| 15:42 | Research | Feudal Age |
| 15:49 | Create | Militia |
| 15:49 | Create | Militia |
| 16:53 | Build | Farm |
| 17:01 | Build | Farm |
| 17:11 | Build | Farm |
| 17:19 | Build | Farm |
| 17:25 | Build | Farm |
| 17:31 | Build | Farm |
| 17:41 | Create | Militia |
| 17:41 | Create | Militia |
| 17:52 | Build | House |
| 17:56 | Build | House |
| 17:59 | Build | House |
| 18:02 | Build | House |
| 18:33 | Create | Villager (Male) |
| 18:33 | Create | Villager (Male) |
| 18:33 | Create | Villager (Male) |
| 18:34 | Create | Villager (Male) |
| 18:40 | Age | Feudal Age |
| 19:06 | Build | Stone Wall |
| 19:35 | Build | Lumber Camp |
| 19:41 | Create | Villager (Male) |
| 19:41 | Create | Villager (Male) |
| 19:55 | Research | Man-at-Arms (upgrade) |
| 20:03 | Research | Double-Bit Axe |
| 20:19 | Build | Market |
| 20:33 | Build | Market |
| 20:45 | Build | Blacksmith |
| 20:53 | Create | Villager (Male) |
| 20:54 | Create | Villager (Male) |
| 21:27 | Build | Mining Camp |
| 21:36 | Build | House |
| 21:42 | Build | House |
| 21:46 | Build | House |
| 21:50 | Build | House |
| 22:04 | Create | Villager (Male) |
| 22:04 | Create | Villager (Male) |
| 22:05 | Create | Villager (Male) |
| 22:35 | Create | Villager (Male) |
| 22:35 | Create | Villager (Male) |
| 23:23 | Create | Villager (Male) |
| 23:24 | Create | Villager (Male) |
| 23:44 | Create | Villager (Male) |
| 23:44 | Create | Villager (Male) |
| 25:06 | Research | Castle Age |
| 25:12 | Create | Militia |
| 25:12 | Create | Militia |
| 25:29 | Build | Archery Range |
| 25:47 | Create | Trade Cart |
| 25:47 | Create | Trade Cart |
| 28:00 | Build | Stone Wall |
| 28:29 | Age | Castle Age |
| 28:35 | Create | Villager (Male) |
| 28:35 | Create | Villager (Male) |
| 28:36 | Create | Villager (Male) |
| 28:36 | Create | Villager (Male) |
| 28:36 | Create | Villager (Male) |
| 28:57 | Build | Castle |
| 29:22 | Build | Gate |
| 29:54 | Build | Town Center |
| 30:05 | Build | Mining Camp |
| 30:15 | Build | University |
| 30:22 | Research | Wagenburg Tactics |
| 30:29 | Create | Villager (Male) |
| 30:29 | Create | Villager (Male) |
| 30:48 | Research | Imperial Age |
| 31:14 | Build | Town Center |
| 31:27 | Create | Villager (Male) |
| 31:27 | Create | Villager (Male) |
| 31:28 | Create | Villager (Male) |
| 31:28 | Create | Villager (Male) |
| 31:28 | Create | Villager (Male) |
| 31:28 | Create | Villager (Male) |
| 32:23 | Build | Gate |
| 32:28 | Create | Hussite Wagon |
| 32:29 | Create | Hussite Wagon |
| 32:33 | Research | Chemistry |
| 32:34 | Research | Murder Holes |
| 32:43 | Create | Villager (Male) |
| 32:43 | Create | Villager (Male) |
| 32:52 | Create | Hussite Wagon |
| 32:52 | Create | Hussite Wagon |
| 33:10 | Create | Villager (Male) |
| 33:11 | Create | Villager (Male) |
| 33:11 | Create | Villager (Male) |
| 33:12 | Create | Villager (Male) |
| 33:12 | Create | Villager (Male) |
Build order — cakabokin
First 150 of 173 actions detected
| 0:21 | Build | House |
| 0:23 | Build | House |
| 0:39 | Create | Villager (Male) ×4 |
| 1:01 | Build | House |
| 2:36 | Research | Loom |
| 3:11 | Create | Villager (Male) |
| 3:11 | Create | Villager (Male) |
| 3:12 | Create | Villager (Male) |
| 4:37 | Create | Villager (Male) ×4 |
| 6:39 | Create | Villager (Male) |
| 6:40 | Create | Villager (Male) |
| 6:40 | Create | Villager (Male) |
| 6:40 | Create | Villager (Male) |
| 7:30 | Build | Lumber Camp |
| 7:42 | Build | Lumber Camp |
| 9:24 | Create | Villager (Male) ×5 |
| 9:29 | Research | Double-Bit Axe |
| 9:46 | Build | House |
| 9:51 | Build | House |
| 10:10 | Build | Mill |
| 12:08 | Build | Mining Camp |
| 12:15 | Create | Villager (Male) |
| 12:15 | Create | Villager (Male) |
| 13:15 | Research | Feudal Age |
| 14:25 | Build | Farm |
| 14:27 | Build | Farm |
| 14:29 | Build | Farm |
| 14:30 | Build | Farm |
| 14:33 | Build | Farm |
| 15:06 | Research | Horse Collar |
| 15:17 | Create | Villager (Male) |
| 15:17 | Create | Villager (Male) |
| 15:17 | Create | Villager (Male) |
| 15:18 | Create | Villager (Male) |
| 15:25 | Age | Feudal Age |
| 15:38 | Build | Market |
| 16:11 | Research | Gold Mining |
| 16:15 | Research | Bow Saw |
| 16:30 | Build | Lumber Camp |
| 17:05 | Build | Farm |
| 17:12 | Build | House |
| 17:13 | Build | House |
| 17:15 | Build | House |
| 17:16 | Build | House |
| 17:17 | Build | House |
| 17:20 | Build | House |
| 17:32 | Build | Blacksmith |
| 17:38 | Create | Villager (Male) |
| 17:39 | Create | Villager (Male) |
| 17:39 | Create | Villager (Male) |
| 17:39 | Create | Villager (Male) |
| 17:39 | Create | Villager (Male) |
| 18:13 | Build | Barracks |
| 18:43 | Build | Farm |
| 18:46 | Build | Farm |
| 18:48 | Build | Farm |
| 18:52 | Build | Farm |
| 19:07 | Build | Farm |
| 19:09 | Build | Farm |
| 19:21 | Build | Archery Range |
| 19:48 | Build | Farm |
| 19:57 | Build | Farm |
| 20:27 | Create | Trade Cart |
| 20:27 | Create | Trade Cart |
| 20:55 | Research | Castle Age |
| 21:06 | Build | Mining Camp |
| 21:21 | Build | House |
| 21:23 | Build | House |
| 21:25 | Build | House |
| 21:45 | Research | Heavy Plow |
| 22:08 | Create | Spearman ×5 |
| 22:13 | Create | Archer ×5 |
| 23:33 | Research | Padded Archer Armor |
| 23:35 | Age | Castle Age |
| 23:36 | Create | Villager (Male) ×5 |
| 23:45 | Build | Town Center |
| 23:56 | Research | Pikeman (upgrade) |
| 24:40 | Build | Farm |
| 25:04 | Research | Stone Mining |
| 25:07 | Research | Gold Shaft Mining |
| 25:10 | Create | Villager (Male) |
| 25:10 | Create | Villager (Male) |
| 25:38 | Create | Trade Cart |
| 25:38 | Create | Trade Cart |
| 25:41 | Research | Caravan |
| 25:54 | Research | Crossbowman (upgrade) |
| 26:00 | Create | Villager (Male) ×5 |
| 26:09 | Build | Farm |
| 26:42 | Build | Farm |
| 26:52 | Build | Archery Range |
| 27:12 | Create | Spearman ×5 |
| 27:19 | Build | Farm |
| 27:25 | Build | Farm |
| 27:30 | Create | Villager (Male) |
| 27:30 | Create | Villager (Male) |
| 27:41 | Research | Forging |
| 27:47 | Create | Villager (Male) |
| 27:48 | Create | Villager (Male) |
| 27:48 | Create | Villager (Male) |
| 27:48 | Create | Villager (Male) |
| 28:02 | Build | Archery Range |
| 28:38 | Build | Farm |
| 28:49 | Research | Stone Shaft Mining |
| 28:57 | Build | Barracks |
| 29:07 | Create | Trade Cart |
| 29:07 | Create | Trade Cart |
| 29:40 | Build | Town Center |
| 29:57 | Create | Villager (Male) |
| 29:58 | Create | Villager (Male) |
| 29:58 | Create | Villager (Male) |
| 29:58 | Create | Villager (Male) |
| 30:19 | Build | Stable |
| 30:21 | Build | Stable |
| 30:56 | Build | Castle |
| 31:38 | Research | Cavalier (upgrade) |
| 31:57 | Build | Stable |
| 32:09 | Create | Villager (Male) |
| 32:09 | Create | Villager (Male) |
| 32:10 | Create | Villager (Male) |
| 32:30 | Build | House |
| 32:31 | Build | House |
| 32:33 | Build | House |
| 32:34 | Build | House |
| 32:35 | Build | House |
| 32:37 | Build | House |
| 32:55 | Build | Lumber Camp |
| 33:13 | Create | Knight ×5 |
| 33:17 | Create | Knight ×5 |
| 33:21 | Create | Knight ×5 |
| 33:55 | Build | Monastery |
| 34:18 | Build | Castle |
| 34:21 | Create | Villager (Male) ×5 |
| 34:42 | Create | Monk |
| 34:42 | Create | Monk |
| 35:16 | Build | Lumber Camp |
| 35:53 | Create | Villager (Male) |
| 35:54 | Create | Villager (Male) |
| 35:54 | Create | Villager (Male) |
| 35:59 | Research | Imperial Age |
| 36:10 | Research | Scale Barding Armor |
| 36:17 | Research | Elite Skirmisher (upgrade) |
| 36:25 | Create | Spearman ×5 |
| 36:28 | Create | Spearman ×5 |
| 37:30 | Create | Knight ×5 |
| 37:33 | Create | Knight ×2 |
| 38:11 | Create | Villager (Male) |
| 38:11 | Create | Villager (Male) |
| 38:11 | Create | Villager (Male) |
| 38:11 | Create | Villager (Male) |
| 38:12 | Create | Villager (Male) |
Build order — DoN_888
First 150 of 440 actions detected
| 0:03 | Research | Loom |
| 0:03 | Create | Villager (Male) |
| 0:04 | Create | Villager (Male) |
| 0:04 | Create | Villager (Male) |
| 0:04 | Create | Villager (Male) |
| 0:04 | Create | Villager (Male) |
| 0:06 | Build | House |
| 0:08 | Build | House |
| 0:11 | Build | House |
| 2:01 | Create | Villager (Male) |
| 2:15 | Create | Villager (Male) |
| 3:51 | Create | Villager (Male) |
| 3:51 | Create | Villager (Male) |
| 3:52 | Create | Villager (Male) |
| 3:52 | Create | Villager (Male) |
| 3:52 | Create | Villager (Male) |
| 4:30 | Create | Villager (Male) |
| 5:11 | Build | Mill |
| 5:17 | Create | Villager (Male) |
| 5:18 | Create | Villager (Male) |
| 5:50 | Create | Villager (Male) |
| 5:50 | Create | Villager (Male) |
| 6:13 | Build | Lumber Camp |
| 7:49 | Create | Villager (Male) |
| 7:49 | Create | Villager (Male) |
| 8:10 | Build | House |
| 8:13 | Build | House |
| 8:14 | Build | House |
| 9:25 | Create | Villager (Male) |
| 10:54 | Build | Mining Camp |
| 10:57 | Research | Feudal Age |
| 11:21 | Build | Mining Camp |
| 13:07 | Age | Feudal Age |
| 13:12 | Research | Wheelbarrow |
| 13:13 | Research | Town Watch |
| 13:16 | Research | Double-Bit Axe |
| 13:19 | Research | Horse Collar |
| 14:07 | Create | Villager (Male) |
| 14:08 | Create | Villager (Male) |
| 14:26 | Build | Farm |
| 14:28 | Build | Farm |
| 14:30 | Build | Farm |
| 14:32 | Build | Farm |
| 14:34 | Build | Farm |
| 14:35 | Build | Farm |
| 14:36 | Build | Farm |
| 14:38 | Build | Farm |
| 14:39 | Build | Farm |
| 15:20 | Research | Gold Mining |
| 15:25 | Research | Stone Mining |
| 15:32 | Build | Farm |
| 15:37 | Build | Farm |
| 15:42 | Create | Villager (Male) |
| 15:42 | Create | Villager (Male) |
| 16:17 | Build | Lumber Camp |
| 16:57 | Create | Villager (Male) |
| 16:57 | Create | Villager (Male) |
| 17:13 | Build | Barracks |
| 17:27 | Create | Villager (Male) |
| 18:46 | Research | Man-at-Arms (upgrade) |
| 19:21 | Create | Villager (Male) |
| 19:22 | Create | Villager (Male) |
| 19:40 | Build | Farm |
| 19:42 | Build | Farm |
| 19:44 | Build | Farm |
| 19:49 | Create | Villager (Male) |
| 20:31 | Create | Villager (Male) |
| 20:31 | Create | Villager (Male) |
| 20:43 | Create | Militia |
| 20:43 | Create | Militia |
| 20:49 | Create | Spearman |
| 20:50 | Create | Spearman |
| 21:06 | Build | House |
| 21:08 | Build | House |
| 21:12 | Build | House |
| 22:18 | Build | Market |
| 22:25 | Build | Blacksmith |
| 22:32 | Create | Villager (Male) |
| 23:05 | Build | Farm |
| 23:22 | Build | Mining Camp |
| 23:28 | Research | Castle Age |
| 23:28 | Research | Castle Age |
| 24:03 | Build | Lumber Camp |
| 24:35 | Research | Forging |
| 24:36 | Research | Scale Mail Armor |
| 25:18 | Build | Mining Camp |
| 26:08 | Age | Castle Age |
| 26:11 | Research | Long Swordsman (upgrade) |
| 26:11 | Research | Pikeman (upgrade) |
| 26:12 | Research | Squires |
| 26:17 | Research | Hand Cart |
| 26:17 | Research | Town Patrol |
| 26:20 | Research | Iron Casting |
| 26:24 | Research | Bow Saw |
| 27:40 | Research | Chain Mail Armor |
| 27:55 | Build | Town Center |
| 28:32 | Research | Heavy Plow |
| 28:40 | Create | Villager (Male) |
| 28:41 | Create | Villager (Male) |
| 28:41 | Create | Villager (Male) |
| 28:46 | Research | Stone Shaft Mining |
| 28:49 | Create | Villager (Male) |
| 28:50 | Create | Villager (Male) |
| 29:19 | Build | Farm |
| 29:20 | Build | Farm |
| 29:22 | Build | Farm |
| 29:23 | Build | Farm |
| 29:25 | Build | Farm |
| 29:26 | Build | Farm |
| 29:53 | Create | Villager (Male) |
| 30:13 | Build | Castle |
| 30:27 | Create | Villager (Male) |
| 30:28 | Create | Villager (Male) |
| 30:28 | Create | Villager (Male) |
| 30:29 | Create | Villager (Male) |
| 30:30 | Create | Villager (Male) |
| 30:48 | Build | Town Center |
| 31:38 | Build | Town Center |
| 32:04 | Create | Villager (Male) |
| 32:05 | Create | Villager (Male) |
| 34:19 | Build | Farm |
| 34:20 | Build | Farm |
| 34:24 | Research | Imperial Age |
| 34:27 | Create | Villager (Male) |
| 34:28 | Create | Villager (Male) |
| 34:28 | Create | Villager (Male) |
| 34:33 | Create | Villager (Male) |
| 34:33 | Create | Villager (Male) |
| 34:34 | Create | Villager (Male) |
| 34:35 | Create | Villager (Male) |
| 34:48 | Create | Villager (Male) |
| 34:48 | Create | Villager (Male) |
| 34:48 | Create | Villager (Male) |
| 35:15 | Build | Barracks |
| 35:19 | Build | Barracks |
| 35:21 | Build | Barracks |
| 35:28 | Build | Barracks |
| 35:33 | Create | Villager (Male) |
| 35:54 | Research | Anarchy |
| 36:10 | Build | House |
| 36:12 | Build | House |
| 36:12 | Build | House |
| 36:14 | Build | House |
| 36:15 | Build | House |
| 36:16 | Build | House |
| 36:18 | Build | House |
| 36:19 | Build | House |
| 36:19 | Build | House |
| 36:22 | Build | House |
| 36:58 | Create | Huskarl |
Build order — SpryPenguin2814
First 150 of 408 actions detected
| 0:23 | Build | House |
| 0:58 | Create | Villager (Male) |
| 0:59 | Create | Villager (Male) |
| 0:59 | Create | Villager (Male) |
| 0:59 | Create | Villager (Male) |
| 1:02 | Research | Loom |
| 1:12 | Build | House |
| 2:43 | Create | Villager (Male) |
| 3:29 | Create | Villager (Male) |
| 3:41 | Build | Mill |
| 3:49 | Create | Villager (Male) |
| 4:07 | Create | Villager (Male) |
| 4:47 | Create | Villager (Male) |
| 4:48 | Create | Villager (Male) |
| 5:40 | Create | Villager (Male) |
| 5:40 | Create | Villager (Male) |
| 5:50 | Build | House |
| 5:52 | Build | House |
| 6:16 | Build | Lumber Camp |
| 6:47 | Create | Villager (Male) |
| 6:47 | Create | Villager (Male) |
| 7:14 | Create | Villager (Male) |
| 7:56 | Create | Villager (Male) |
| 7:57 | Create | Villager (Male) |
| 8:53 | Create | Villager (Male) |
| 9:25 | Research | Feudal Age |
| 11:45 | Research | Town Watch |
| 11:50 | Research | Wheelbarrow |
| 12:19 | Research | Horse Collar |
| 12:43 | Build | Farm |
| 12:44 | Build | Farm |
| 12:46 | Build | Farm |
| 12:52 | Create | Villager (Male) |
| 12:53 | Create | Villager (Male) |
| 12:53 | Create | Villager (Male) |
| 12:53 | Create | Villager (Male) |
| 14:00 | Build | Mining Camp |
| 14:19 | Build | Barracks |
| 14:39 | Research | Gold Mining |
| 15:02 | Build | Archery Range |
| 15:12 | Create | Villager (Male) |
| 15:12 | Create | Villager (Male) |
| 15:13 | Create | Villager (Male) |
| 15:13 | Create | Villager (Male) |
| 15:13 | Create | Villager (Male) |
| 15:24 | Build | House |
| 15:25 | Build | House |
| 15:27 | Build | House |
| 15:49 | Research | Stone Mining |
| 16:32 | Build | Mining Camp |
| 17:23 | Build | Farm |
| 17:26 | Build | Farm |
| 17:28 | Build | Farm |
| 17:30 | Build | Farm |
| 17:33 | Build | Farm |
| 17:36 | Build | Farm |
| 17:39 | Build | Farm |
| 17:53 | Build | Farm |
| 17:59 | Create | Villager (Male) |
| 17:59 | Create | Villager (Male) |
| 18:16 | Build | Watch Tower |
| 18:26 | Build | Watch Tower |
| 18:58 | Research | Arson |
| 19:17 | Create | Villager (Male) |
| 19:18 | Create | Villager (Male) |
| 19:18 | Create | Villager (Male) |
| 19:19 | Create | Villager (Male) |
| 19:20 | Create | Villager (Male) |
| 19:33 | Build | Farm |
| 19:36 | Build | Farm |
| 19:50 | Build | Farm |
| 19:52 | Build | Farm |
| 19:54 | Build | Farm |
| 20:20 | Research | Double-Bit Axe |
| 21:08 | Build | Farm |
| 21:10 | Build | Farm |
| 21:17 | Create | Villager (Male) |
| 21:38 | Build | Stable |
| 21:49 | Create | Villager (Male) |
| 22:04 | Build | Blacksmith |
| 22:08 | Research | Castle Age |
| 22:31 | Research | Forging |
| 22:32 | Research | Scale Mail Armor |
| 23:22 | Create | Spearman |
| 23:22 | Create | Spearman |
| 23:23 | Create | Spearman |
| 23:24 | Create | Spearman |
| 23:26 | Create | Spearman |
| 23:27 | Create | Spearman |
| 23:59 | Build | House |
| 24:01 | Build | House |
| 24:02 | Build | House |
| 24:04 | Build | House |
| 24:05 | Build | House |
| 24:07 | Build | House |
| 25:01 | Research | Heavy Plow |
| 25:04 | Research | Stone Shaft Mining |
| 25:09 | Research | Bow Saw |
| 25:25 | Research | Hand Cart |
| 26:01 | Research | Squires |
| 26:02 | Research | Pikeman (upgrade) |
| 26:40 | Create | Villager (Male) |
| 26:40 | Create | Villager (Male) |
| 26:41 | Create | Villager (Male) |
| 26:41 | Create | Villager (Male) |
| 26:41 | Create | Villager (Male) |
| 26:58 | Build | Town Center |
| 27:09 | Build | Town Center |
| 27:43 | Create | Villager (Male) |
| 27:43 | Create | Villager (Male) |
| 27:52 | Build | House |
| 27:53 | Build | House |
| 27:54 | Build | House |
| 27:55 | Build | House |
| 27:56 | Build | House |
| 27:57 | Build | House |
| 27:59 | Build | House |
| 28:01 | Build | House |
| 28:19 | Create | Villager (Male) |
| 28:20 | Create | Villager (Male) |
| 28:20 | Create | Villager (Male) |
| 28:20 | Create | Villager (Male) |
| 28:21 | Create | Villager (Male) |
| 28:21 | Create | Villager (Male) |
| 28:21 | Create | Villager (Male) |
| 28:33 | Create | Villager (Male) |
| 28:33 | Create | Villager (Male) |
| 28:33 | Create | Villager (Male) |
| 28:33 | Create | Villager (Male) |
| 28:34 | Create | Villager (Male) |
| 28:34 | Create | Villager (Male) |
| 29:04 | Build | Castle |
| 29:21 | Research | Husbandry |
| 29:22 | Research | Bloodlines |
| 29:22 | Research | Light Cavalry (upgrade) |
| 29:31 | Research | Padded Archer Armor |
| 29:37 | Build | Farm |
| 29:46 | Create | Villager (Male) |
| 29:46 | Create | Villager (Male) |
| 29:51 | Create | Villager (Male) |
| 30:36 | Create | Villager (Male) |
| 30:40 | Create | Villager (Male) |
| 30:40 | Create | Villager (Male) |
| 30:41 | Create | Villager (Male) |
| 30:48 | Build | House |
| 30:49 | Build | House |
| 30:51 | Build | House |
| 30:57 | Create | Villager (Male) |
| 30:57 | Create | Villager (Male) |
| 31:06 | Create | Villager (Male) |
Build order — folt9362015
First 150 of 214 actions detected
| 0:10 | Build | House |
| 0:11 | Build | House |
| 0:12 | Build | House |
| 0:27 | Create | Villager (Male) |
| 0:28 | Create | Villager (Male) |
| 0:28 | Create | Villager (Male) |
| 0:28 | Create | Villager (Male) |
| 1:24 | Build | Lumber Camp |
| 1:52 | Research | Loom |
| 2:23 | Create | Villager (Male) |
| 2:23 | Create | Villager (Male) |
| 2:23 | Create | Villager (Male) |
| 3:27 | Create | Villager (Male) |
| 3:27 | Create | Villager (Male) |
| 3:27 | Create | Villager (Male) |
| 4:30 | Create | Villager (Male) |
| 4:30 | Create | Villager (Male) |
| 4:30 | Create | Villager (Male) |
| 6:59 | Create | Villager (Male) |
| 6:59 | Create | Villager (Male) |
| 6:59 | Create | Villager (Male) |
| 6:59 | Create | Villager (Male) |
| 7:00 | Create | Villager (Male) |
| 7:32 | Build | Mill |
| 8:07 | Create | Villager (Male) |
| 8:07 | Create | Villager (Male) |
| 8:08 | Create | Villager (Male) |
| 9:37 | Build | Mining Camp |
| 9:52 | Build | House |
| 9:55 | Build | House |
| 9:56 | Build | House |
| 9:57 | Build | House |
| 9:58 | Build | House |
| 10:00 | Build | House |
| 10:02 | Build | House |
| 10:25 | Create | Villager (Male) |
| 10:25 | Create | Villager (Male) |
| 11:36 | Research | Feudal Age |
| 12:09 | Create | Villager (Male) |
| 12:09 | Create | Villager (Male) |
| 12:53 | Create | Villager (Male) |
| 12:53 | Create | Villager (Male) |
| 13:45 | Create | Villager (Male) |
| 13:51 | Age | Feudal Age |
| 13:53 | Create | Villager (Male) |
| 14:25 | Build | Blacksmith |
| 14:31 | Build | Market |
| 14:42 | Build | Farm |
| 14:44 | Build | Farm |
| 14:46 | Build | Farm |
| 14:48 | Build | Farm |
| 14:52 | Build | Farm |
| 16:58 | Research | Padded Archer Armor |
| 16:58 | Research | Fletching |
| 17:04 | Research | Horse Collar |
| 17:07 | Research | Double-Bit Axe |
| 17:17 | Build | Farm |
| 17:19 | Build | Farm |
| 17:21 | Build | Farm |
| 17:22 | Build | Farm |
| 17:23 | Build | Farm |
| 17:25 | Build | Farm |
| 18:41 | Build | Farm |
| 18:49 | Build | Farm |
| 18:55 | Build | Farm |
| 19:01 | Build | Farm |
| 19:06 | Create | Villager (Male) |
| 19:07 | Create | Villager (Male) |
| 19:07 | Create | Villager (Male) |
| 19:07 | Create | Villager (Male) |
| 19:07 | Create | Villager (Male) |
| 19:42 | Build | Mining Camp |
| 20:56 | Build | House |
| 21:00 | Build | House |
| 21:02 | Build | House |
| 21:04 | Build | House |
| 21:06 | Build | House |
| 21:08 | Build | House |
| 21:21 | Research | Castle Age |
| 21:50 | Build | Lumber Camp |
| 22:21 | Create | Villager (Male) |
| 22:21 | Create | Villager (Male) |
| 22:22 | Create | Villager (Male) |
| 22:22 | Create | Villager (Male) |
| 22:22 | Create | Villager (Male) |
| 23:33 | Build | Barracks |
| 24:01 | Age | Castle Age |
| 24:37 | Research | Wheelbarrow |
| 24:39 | Research | Town Watch |
| 24:43 | Research | Bodkin Arrow |
| 24:43 | Research | Leather Archer Armor |
| 24:51 | Build | University |
| 25:07 | Build | Town Center |
| 25:20 | Build | Archery Range |
| 25:21 | Build | Archery Range |
| 25:23 | Build | Archery Range |
| 25:27 | Build | Archery Range |
| 25:47 | Build | Farm |
| 25:49 | Build | Farm |
| 25:59 | Research | Chemistry |
| 26:26 | Build | Castle |
| 26:42 | Create | Villager (Male) |
| 26:42 | Create | Villager (Male) |
| 26:42 | Create | Villager (Male) |
| 26:43 | Create | Villager (Male) |
| 26:43 | Create | Villager (Male) |
| 27:22 | Research | Murder Holes |
| 28:06 | Build | Farm |
| 28:07 | Build | Farm |
| 28:08 | Build | Farm |
| 28:11 | Build | Farm |
| 28:12 | Build | Farm |
| 28:28 | Research | Wagenburg Tactics |
| 28:36 | Create | Hand Cannoneer ×2 |
| 28:49 | Build | Archery Range |
| 28:50 | Build | Archery Range |
| 29:16 | Create | Villager (Male) |
| 29:17 | Create | Villager (Male) |
| 29:17 | Create | Villager (Male) |
| 29:17 | Create | Villager (Male) |
| 29:17 | Create | Villager (Male) |
| 29:42 | Build | Farm |
| 29:43 | Build | Farm |
| 29:44 | Build | Farm |
| 29:46 | Build | Farm |
| 29:58 | Create | Villager (Male) |
| 29:58 | Create | Villager (Male) |
| 29:58 | Create | Villager (Male) |
| 29:59 | Create | Villager (Male) |
| 29:59 | Create | Villager (Male) |
| 31:18 | Build | Mining Camp |
| 31:22 | Create | Villager (Male) |
| 31:22 | Create | Villager (Male) |
| 31:22 | Create | Villager (Male) |
| 31:31 | Create | Hand Cannoneer ×5 |
| 31:32 | Create | Hand Cannoneer ×5 |
| 31:34 | Create | Hand Cannoneer ×2 |
| 32:15 | Create | Trade Cart |
| 32:15 | Create | Trade Cart |
| 32:15 | Create | Trade Cart |
| 33:07 | Build | Castle |
| 33:15 | Build | Farm |
| 33:27 | Create | Villager (Male) |
| 33:28 | Create | Villager (Male) |
| 33:28 | Create | Villager (Male) |
| 33:28 | Create | Villager (Male) |
| 33:28 | Create | Villager (Male) |
| 33:34 | Create | Hand Cannoneer ×5 |
| 33:35 | Create | Hand Cannoneer ×5 |
| 33:36 | Create | Hand Cannoneer |
Match timeline
| 12:29 | SheriffLoyd · first_building Barracks |
| 12:47 | simplysuresh.bellam · first_building Barracks |
| 13:07 | DoN_888 · age_up feudal |
| 13:51 | folt9362015 · age_up feudal |
| 14:19 | SpryPenguin2814 · first_building Barracks |
| 14:31 | SheriffLoyd · age_up feudal |
| 15:02 | SpryPenguin2814 · first_building Archery Range |
| 15:25 | cakabokin · age_up feudal |
| 17:13 | DoN_888 · first_building Barracks |
| 18:06 | SheriffLoyd · first_building Stable |
| 18:13 | cakabokin · first_building Barracks |
| 18:40 | simplysuresh.bellam · age_up feudal |
| 19:06 | simplysuresh.bellam · wall_segment Stone Wall x45 |
| 19:21 | cakabokin · first_building Archery Range |
| 21:38 | SpryPenguin2814 · first_building Stable |
| 22:56 | SheriffLoyd · age_up castle |
| 23:33 | folt9362015 · first_building Barracks |
| 23:35 | cakabokin · age_up castle |
| 24:01 | folt9362015 · age_up castle |
| 25:20 | folt9362015 · first_building Archery Range |
| 25:29 | simplysuresh.bellam · first_building Archery Range |
| 25:45 | folt9362015 · first_market_buy 100 wood |
| 26:08 | DoN_888 · age_up castle |
| 26:26 | folt9362015 · first_building Castle |
| 28:00 | simplysuresh.bellam · wall_segment Stone Wall x3 |
| 28:29 | simplysuresh.bellam · age_up castle |
| 28:57 | simplysuresh.bellam · first_building Castle |
| 29:04 | SpryPenguin2814 · first_building Castle |
| 30:05 | SheriffLoyd · first_building Castle |
| 30:13 | DoN_888 · first_building Castle |
| 30:19 | cakabokin · first_building Stable |
| 30:38 | SheriffLoyd · first_building Monastery |
| 30:56 | cakabokin · first_building Castle |
| 33:55 | cakabokin · first_building Monastery |
| 33:58 | simplysuresh.bellam · age_up imperial |
| 34:46 | folt9362015 · first_building Siege Workshop |
| 37:10 | SheriffLoyd · age_up imperial |
| 37:34 | DoN_888 · age_up imperial |
| 39:09 | cakabokin · age_up imperial |
| 41:00 | folt9362015 · age_up imperial |
| 41:15 | DoN_888 · first_building Monastery |
| 41:53 | simplysuresh.bellam · first_building Siege Workshop |
| 43:32 | simplysuresh.bellam · wall_segment Stone Wall x11 |
| 43:46 | simplysuresh.bellam · wall_segment Stone Wall x14 |
| 44:11 | folt9362015 · first_market_sell 100 wood |
| 45:00 | SpryPenguin2814 · first_building Siege Workshop |
| 45:50 | cakabokin · resign |
| 55:54 | SpryPenguin2814 · first_building Monastery |
[ AI ANALYSIS · 1 CREDIT ]
What really happened in this match?
Wolo.gg analyzes every decision: build order, eco, micro, common mistakes by bracket. Personalized analysis on WhatsApp or Discord in 30 seconds.
Civ guide
Bengalis
Map guide
MegaRandom
Perfil
Jugador #5761619